 Dungeon Crawl Stone Soup version 0.29.1-2-gbd0b4ee654 (webtiles) character file.

Game seed: 15947674826913563615

1333 styxcanada the Covert (level 8, -9/39 HPs)
             Began as a Spriggan Brigand on Nov 4, 2022.
             Killed from afar by an electric eel (11 damage)
             ... with a bolt of electricity
             ... on level 6 of the Dungeon.
             The game lasted 00:22:24 (6038 turns).

styxcanada the Covert (Spriggan Brigand)            Turns: 6038, Time: 00:22:24

Health: -9/39      AC:  5    Str:  7    XL:     8   Next: 34%
Magic:  11/11      EV: 20    Int: 22    God:
Gold:   257        SH:  0    Dex: 23    Spells: 5/10 levels left

rFire   . . .      SeeInvis +   h - +4 short sword "Utti" {flame, Int+3 Dex+5}
rCold   + . .      Faith    .   (no shield)
rNeg    . . .      Spirit   .   s - +2 robe {rC+}
rPois   .          Reflect  .   (helmet restricted)
rElec   .          Harm     .   c - +0 cloak
rCorr   .          Rampage  .   (gloves unavailable)
Will    +....                   (boots unavailable)
Stlth   +++++.....              (no amulet)
HPRegen 0.13/turn               m - +6 ring of intelligence
MPRegen 0.12/turn               (no ring)

@: very quick
A: very small, no large weapons, unfitting armour, see invisible, speed 3,
mutation resistance 1
a: no special abilities


You were on level 6 of the Dungeon.
You visited 1 branch of the dungeon, and saw 6 of its levels.

You collected 257 gold pieces.

Inventory:

Hand Weapons
 a - a +2 dagger
 f - a +1 sling
 h - the +4 short sword "Utti" (weapon) {flame, Int+3 Dex+5}
   (You found it on level 2 of the Dungeon)

   It burns those it strikes, dealing additional fire damage.
   Int:       It affects your intelligence (+3).
   Dex:       It affects your dexterity (+5).
Missiles
 e - 6 poisoned darts (quivered)
 k - 55 stones
 n - 6 curare-tipped darts
 w - a throwing net
Armour
 c - a +0 cloak (worn)
 s - a +2 robe of cold resistance (worn)
Jewellery
 m - a +6 ring of intelligence (left hand)
 r - a ring of wizardry
Wands
 d - a wand of polymorph (9)
 g - a wand of digging (4)
Scrolls
 l - 5 scrolls of teleportation
 p - a scroll of identify
 v - a scroll of magic mapping
Potions
 b - a potion of haste
 i - a potion of mutation
 j - a potion of curing
 o - a potion of might
 q - a potion of magic
 t - a potion of heal wounds
 u - a potion of lignification
 x - a potion of invisibility {unknown}


   Skills:
 * Level 2.9 Fighting
 + Level 4.6 Short Blades
 + Level 0.6 Ranged Weapons
 + Level 3.5 Throwing
 * Level 4.5 Dodging
 * Level 11.1 Stealth
 * Level 1.7 Spellcasting
 * Level 1.1 Conjurations
 * Level 1.2 Air Magic
 * Level 1.3 Poison Magic
 * Level 3.2 Evocations


You had 5 spell levels left.
You knew the following spells:

 Your Spells              Type           Power      Damage    Failure   Level
a - Mephitic Cloud        Conj/Pois/Air  7%         N/A       26%         3
b - Poisonous Vapours     Pois/Air       14%        N/A       13%         2

Your spell library contained the following spells:

 Spells                   Type           Power      Damage    Failure   Level
 Foxfire                  Conj/Fire      16%        2x1d4     11%         1
 Passwall                 Tmut/Erth      0%         N/A       22%         2
 Conjure Flame            Conj/Fire      4%         6-21      32%         3
 Ignite Poison            Fire/Tmut/Pois 3%         N/A       34%         3
 Gell's Gravitas          Tloc           1%         N/A       38%         3
 Inner Flame              Hex/Fire       1%         N/A       38%         3
 Lesser Beckoning         Tloc           1%         N/A       38%         3
 Teleport Other           Tloc           1%         N/A       38%         3
 Corpse Rot               Necr/Pois/Air  5%         N/A       69%         4
 Flame Wave               Conj/Fire      4%         2d5       73%         4
 Freezing Cloud           Conj/Ice/Air   2%         6-21      96%         5
 Blade Hands              Tmut           0%         N/A       98%         5
 Storm Form               Tmut/Air       2%         N/A       100%        7


Dungeon Overview and Level Annotations

Branches:
Dungeon (6/15)
 Temple: D:4-7

Altars:

Shops:
D:5 ([[*=(


Innate Abilities, Weirdness & Mutations

You are very small and have problems with some larger weapons.
You are too small for most types of armour.
You have supernaturally acute eyesight. (SInv)
You cover ground extremely quickly. (Speed+++)
You are somewhat resistant to further mutation.


Message History

The scorpion is heavily wounded.
You feel sick. The scorpion completely misses you.
The ice beast closely misses you. The scorpion stings you.
You hit the scorpion. You burn the scorpion.
The scorpion is severely wounded.
You feel sick. The ice beast misses you.
You hit the scorpion. You burn the scorpion.
The scorpion is almost dead.
You feel sick. The scorpion barely misses you. The ice beast misses you.
The scorpion completely misses you.
You puncture the scorpion! You burn the scorpion.
You kill the scorpion!
You feel sick. The ice beast closely misses you.
You see here a scorpion corpse.
Found 5 stones.
You feel sick.
You feel sick.
Throw: 7 darts (poison)
Press: ? - help, Q - select action, (/) - cycle Shift-Dir - straight line, f - ice beast
Aim: an ice beast (65% to hit)
You throw a poisoned dart. The poisoned dart hits the ice beast.
You feel sick.
You are no longer poisoned.
Cast which spell? (? or * to list)
You can't see any susceptible monsters within range! (Use Z to cast anyway.) Unknown command.
You see here 5 stones.
k - 55 stones (gained 5)
A white imp comes into view.
The helpless white imp fails to defend itself.
You skewer the white imp like a kebab!!!
You burn the white imp.
You kill the white imp!
Found a falchion.
You see here a +0 falchion.
The electric eel shoots out a bolt of lightning at you!
The bolt of electricity hits you!
* * * LOW HITPOINT WARNING * * *
The electric eel shoots out a bolt of lightning at you!
The bolt of electricity hits you!
You die...

#.≈≈≈≈≈≈≈≈≈≈#.....# #.
#.S≈S≈≈≈≈≈.......#
.#.########.#.............#
..........................#
........###.#.............#
........##..#.............#
........#..##......##.)...#
........†<###......##.#####
........### ##..@.....##
........### ##.......Y.##
..........###......###..#
...............##### ##.#
#..>.....#.......## #.#
##.............#..## #Y##
#.............##..####..#####
#.......###........Y........#
#.......# #...########......#


You could see an ice beast and 2 electric eels.

Vanquished Creatures
  Sigmund (D:2)
  A black bear (D:4)
  An ogre (D:5)
  A centaur (D:5)
  2 phantoms
  3 scorpions
  2 howler monkeys (D:5)
  4 hounds
  2 jellies
  Jessica (D:3)
  2 iguanas
  Natasha (thrice) (D:2)
  6 adders
  A white imp (D:6)
  An ufetubus (D:5)
  5 worms
  2 dart slugs (D:4)
  12 orcs
  7 ball pythons
  3 bats (D:1)
  7 endoplasms
  2 giant cockroaches
  5 goblins
  6 hobgoblins
  14 kobolds
  5 quokkas
  4 frilled lizards
  6 rats
109 creatures vanquished.

Notes
Turn   | Place    | Note
-------+----------+-------------------------------------------
     0 | D:1      | styxcanada the Spriggan Brigand began the quest for the
                  | Orb.
     0 | D:1      | Reached XP level 1. HP: 10/10 MP: 2/2
   278 | D:1      | Reached skill level 6 in Stealth
   521 | D:1      | Reached XP level 2. HP: 14/14 MP: 3/3
  1955 | D:2      | Reached XP level 3. HP: 18/18 MP: 4/4
  1990 | D:2      | Reached skill level 7 in Stealth
  1993 | D:2      | Noticed Natasha
  1994 | D:2      | Killed Natasha
  2048 | D:2      | Reached XP level 4. HP: 5/23 MP: 5/5
  2141 | D:2      | Noticed Sigmund
  2220 | D:2      | Killed Sigmund
  2221 | D:2      | Reached skill level 8 in Stealth
  2221 | D:2      | Reached XP level 5. HP: 14/26 MP: 6/6
  2363 | D:2      | Noticed Natasha
  2372 | D:2      | Killed Natasha
  2373 | D:2      | Reached skill level 9 in Stealth
  2373 | D:2      | Reached XP level 6. HP: 30/30 MP: 7/7
  2511 | D:2      | Noticed Natasha
  2549 | D:2      | Gained mutation: You are somewhat resistant to further
                  | mutation. [potion of mutation]
  2550 | D:2      | Killed Natasha
  2879 | D:2      | Identified the +4 short sword "Utti" {flame, Int+3 Dex+5}
  3863 | D:3      | Noticed Jessica
  3884 | D:3      | Killed Jessica
  4040 | D:3      | Found a faded altar of an unknown god.
  4130 | D:4      | Reached skill level 1 in Evocations
  4236 | D:4      | Reached skill level 10 in Stealth
  4236 | D:4      | Reached XP level 7. HP: 35/35 MP: 8/8
  4426 | D:4      | Learned a level 3 spell: Mephitic Cloud
  4729 | D:4      | Identified the +1 robe of the Arcane {SInv Stlth+}
  5314 | D:5      | Entered Level 5 of the Dungeon
  5413 | D:5      | Learned a level 2 spell: Poisonous Vapours
  5438 | D:5      | Reached skill level 1 in Spellcasting
  5487 | D:5      | Reached XP level 8. HP: 39/39 MP: 10/10
  5523 | D:5      | Reached skill level 1 in Air Magic
  5523 | D:5      | Reached skill level 1 in Poison Magic
  5525 | D:5      | Got the Almanac of the Thirteen Youths
  5701 | D:5      | Found Afogud's Antique Armour Emporium.
  5717 | D:5      | Found Vopan's Antique Armour Shoppe.
  5718 | D:5      | Found Pug Ywk's Antique Weapon Shop.
  5718 | D:5      | Found Jaigul's Jewellery Boutique.
  5719 | D:5      | Found Vocuhyak's General Store.
  5719 | D:5      | Found Rawenniv's Weapon Emporium.
  5782 | D:5      | Reached skill level 11 in Stealth
  5910 | D:5      | Reached skill level 1 in Conjurations
  6038 | D:6      | Killed from afar by an electric eel

Illustrated notes

Levels and vault maps discovered:
D:1:      lightli_arrival_farm, layout_basic, serial_rivers,
          chequers_serial_rivers_small_3, chequers_serial_rivers_micro_a,
          chequers_serial_rivers_micro_e, chequers_serial_rivers_marsh,
          chequers_serial_rivers_marsh
D:2:      layout_loops_ring, serial_glass, glass_columns_a, glass_columns_b,
          uniq_natasha, uniq_sigmund
D:3:      layout_loops_ring, hellmonk_ecumenical_altar_leap_of_faith,
          uniq_jessica
D:4:      layout_layer_cave
D:5:      layout_rooms, nicolae_wooded_promenade, grunt_ministairs_10,
          hangedman_abyss_or_decor_stabs
D:6:      layout_rooms, temple_fountains, gup_sewer_entry_glass,
          water_boxes_lemuel

Skill      XL: |  1  2  3  4  5  6  7  8 |
---------------+-------------------------+-----
Stealth        | 6 7 8 9 10 11 | 11.1
Dodging        | 2 3 4 |  4.5
Fighting       | 2 |  2.9
Short Blades   | 3 4 |  4.6
Evocations     | 1 2 3 |  3.2
Throwing       | 3 |  3.5
Spellcasting   | 1 |  1.7
Air Magic      | 1 |  1.2
Poison Magic   | 1 |  1.3
Conjurations   | 1 |  1.1
Ranged Weapons | |  0.6

Action                   |  1- 3 |  4- 6 |  7- 9 || total
-------------------------+-------+-------+-------++-------
Melee: Dagger            |    80 |    32 |       ||   112
       Punch             |       |     2 |     1 ||     3
       Short sword       |       |    43 |    93 ||   136
 Fire: Sling             |       |       |     5 ||     5
Throw: Dart              |     4 |    34 |    24 ||    62
  Use: Scroll            |       |     6 |     5 ||    11
       Potion            |       |     2 |     1 ||     3
 Stab: Sleeping          |    15 |    13 |     9 ||    37
       Distracted        |       |       |     1 ||     1
Armor: Robe              |     6 |     4 |    10 ||    20
Dodge: Dodged            |    42 |    48 |    76 ||   166
